 Dungeon Crawl Stone Soup version 0.27-a0-869-g165b36e3f0 (webtiles) character file.

Game seed: 7513817797274940090

95 robertstho the Magician (level 4, -2/31 HPs)
             Began as a Djinni Fire Elementalist on Apr 2, 2021.
             Slain by a river rat (7 damage)
             ... on level 3 of the Dungeon.
             The game lasted 00:03:20 (2931 turns).

robertstho the Magician (Djinni Fire Elementalist)  Turns: 2931, Time: 00:03:20

Health: -2/31      AC:  2    Str:  7    XL:     4   Next: 65%
Gold:   93         EV: 13    Int: 17    God:
                   SH:  0    Dex: 14

rFire    + + .     SeeInvis .   c - +4 dagger
rCold    x . .     Faith    .   (no shield)
rNeg     . . .     Spirit   .   a - +0 robe
rPois    ∞         Reflect  .   (no helmet)
rElec    .         Harm     .   (no cloak)
rCorr    .         Rampage  .   (no gloves)
Will     .....                  (boots unavailable)
Stlth    ++........             (no amulet)
HPRegen  0.10/turn              (no ring)
MPRegen  0.00/turn              (no ring)

@: flying
A: fire resistance 2, cold vulnerability 1, float, innate caster, hp casting,
extra vitality 1
a: no special abilities


You were on level 3 of the Dungeon.
You visited 1 branch of the dungeon, and saw 3 of its levels.

You collected 93 gold pieces.

Inventory:

Hand Weapons
 b - a +0 mace
 c - a +4 dagger (weapon)
Armour
 a - a +0 robe (worn)
Jewellery
 i - a ring of protection from fire
Scrolls
 f - a scroll of enchant armour {unknown}
 g - a scroll of amnesia {unknown}
 h - a scroll of fog {unknown}
 j - a scroll of teleportation {unknown}
 k - a scroll of blinking {unknown}
 l - a scroll of noise {unknown}
Potions
 d - a potion of magic {unknown}
 e - 2 potions of haste {unknown}


   Skills:
 + Level 3.1 Dodging
 + Level 1.8 Stealth
 + Level 4.0 Spellcasting


You couldn't memorise any spells.
You knew the following spells:

 Your Spells              Type           Power      Damage    Failure   Level
a - Foxfire               Conj/Fire      68%        2x1d7     3%          1
b - Conjure Flame         Conj/Fire      17%        6-21      9%          3
c - Inner Flame           Hex/Fire       17%        N/A       9%          3
d - Sticky Flame          Conj/Fire      17%        2d4       28%         4
e - Fireball              Conj/Fire      8%         3d6       63%         5
f - Apportation           Tloc           34%        N/A       3%          1
Your spell library was empty.

Dungeon Overview and Level Annotations

Branches:
Dungeon (3/15)

Altars:

Shops:
D:3 *

Portals:
Sewer: D:3


Innate Abilities, Weirdness & Mutations

You are immune to poison.
Your flesh is very heat resistant. (rF++)
You are vulnerable to cold. (rC-)
You float through the air rather than walking.
You learn spells naturally, not from books.
Your magical power is your life essence.
You have superior vitality. (+4 HP)


Message History

The river rat closely misses you.
Casting: Foxfire (safe; 3% risk of failure)
Confirm with . or Enter, or press ? or * to list all spells.
You conjure some foxfire!
The river rat bites you!
The foxfire hits the river rat but does no damage.
The river rat is moderately wounded.
The foxfire hits the river rat but does no damage.
The river rat is moderately wounded.
The river rat completely misses you.
Casting: Foxfire (safe; 3% risk of failure)
Confirm with . or Enter, or press ? or * to list all spells.
You conjure some foxfire!
The river rat bites you.
The foxfire hits the river rat.
The river rat is severely wounded.
The foxfire hits the river rat.
The river rat is severely wounded.
The river rat bites you.
* * * LOW HITPOINT WARNING * * *
Casting: Foxfire (safe; 3% risk of failure)
Confirm with . or Enter, or press ? or * to list all spells.
You conjure some foxfire!
* * * LOW HITPOINT WARNING * * *
The river rat closely misses you.
The foxfire hits the river rat but does no damage.
The river rat is severely wounded.
The foxfire hits the river rat.
The river rat is almost dead.
The river rat misses you.
Unknown command.
Casting: Foxfire (safe; 3% risk of failure)
Confirm with . or Enter, or press ? or * to list all spells.
You conjure some foxfire!
* * * LOW HITPOINT WARNING * * *
The river rat closely misses you.
The foxfire hits the river rat but does no damage.
The river rat is almost dead.
The foxfire hits the river rat.
The river rat is almost dead.
The river rat bites you!
You die...

. #.#######
#.# . #.#
.≈ ###.#
.≈≈ ..#.#
...≈ #.#.#
..≈≈≈ #.#.#
∩≈.≈≈.#.#.#
...≈≈.r@..#
...≈≈...###
≈≈≈##.### ≈
#. . ##


You could see a river rat.

Vanquished Creatures
  A gnoll (D:1)
  An adder (D:2)
  A river rat (D:3)
  A worm (D:3)
  2 dart slugs
  7 ball pythons
  3 bats
  2 endoplasms
  6 giant cockroaches
  5 goblins
  4 hobgoblins
  8 jackals
  4 kobolds
  2 quokkas
  2 frilled lizards (D:1)
  6 rats
55 creatures vanquished.

Vanquished Creatures (others)
  182 foxfires
182 creatures vanquished.

Grand Total: 237 creatures vanquished

Notes
Turn   | Place    | Note
-------+----------+-------------------------------------------
     0 | D:1      | robertstho the Djinni Fire Elementalist began the quest for
                  | the Orb.
     0 | D:1      | Reached XP level 1. HP: 15/15 MP: 0/0
   178 | D:1      | Reached skill level 3 in Spellcasting
   227 | D:1      | Reached XP level 2. HP: 18/21 MP: 0/0
   723 | D:1      | Reached XP level 3. HP: 24/25 MP: 0/0
   723 | D:1      | Learned a level 1 spell: Apportation
  1699 | D:2      | Reached XP level 4. HP: 26/31 MP: 0/0
  2543 | D:3      | Reached skill level 4 in Spellcasting
  2679 | D:3      | Found Rinetzev's Assorted Antiques.
  2723 | D:3      | Found a faded altar of an unknown god.
  2915 | D:3      | Found a glowing drain.
  2931 | D:3      | Slain by a river rat

Illustrated notes

Levels and vault maps discovered:
D:1:      dpeg_arrival_concentric_ovals, layout_basic
D:2:      layout_loops_corners
D:3:      layout_loops_cross, tso_oasis_becter, ebering_ecumenical_altar_box,
          serial_shops, shop_statue, cheibrodos_sewer_entry_sluice,
          minmay_misc_feat_four_crosses

Skill      XL: |  1  2  3  4 |
---------------+-------------+-----
Spellcasting   | 3 4 |  4.0
Dodging        | 3 |  3.1
Stealth        | |  1.8

Action                   |  1- 3 |  4- 6 || total
-------------------------+-------+-------++-------
Melee: Dagger            |     4 |       ||     4
 Cast: Foxfire           |    59 |    51 ||   110
Armor: Robe              |     2 |     1 ||     3
Dodge: Dodged            |    15 |     8 ||    23

Table legend: (Time is in decaauts)
 A = Elapsed time spent in this place.
 B = Non-inter-level travel time spent in this place.
 C = Inter-level travel time spent in this place.
 D = Time resting spent in this place.
 E = Time spent auto-exploring this place.
 F = Levels seen in this place.
 G = Mean time per level.
                   A        B        C        D        E       F      G
               +--------+--------+--------+--------+--------+-----+--------+
         Total |   2929 |   2888 |     41 |      0 |   2543 |   3 |  976.3 |
       Dungeon |   2929 |   2888 |     41 |      0 |   2543 |   3 |  976.3 |
               +--------+--------+--------+--------+--------+-----+--------+

Top non-repeatable levels by time:
     D:1: 1620 daAuts
     D:2: 891 daAuts
     D:3: 417 daAuts
